Map: 机械城 - 天梯版

Players

MaSa

  • Race: Terran Terran
  • League: Gold

Neeb - Winner!

  • Race: Protoss Protoss

Event: WESG 2018 Grand Finals

VOD

Have the link to the VOD?

Description

Time

  • Played on: March 11, 2019, 3:25 a.m.
  • Length: 11:40

All games in this series

Show
View Real Time Build Order
Export as new Build Order

MaSa Terran 

Build Orders:  

Get SALT Encoding   

  12  0:00  SCV  
  13  0:12  SCV  
  14  0:17  Supply Depot  
  14  0:24  SCV  
  15  0:39  Barracks, SCV  
  16  0:44  Refinery  
  16  0:51  SCV  
  17  1:03  SCV  
  18  1:15  SCV  
  19  1:26  Marine  
  19  1:27  Orbital Command  
  20  1:45  Command Center  
  20  1:48  Reaper  
  20  1:53  SCV  
  22  1:59  Supply Depot  
  22  2:06  SCV  
  23  2:13  Factory  
  23  2:20  Refinery  
  23  2:21  SCV  
  24  2:27  Barracks Reactor  
  24  2:33  SCV  
  25  2:45  SCV  
  26  2:57  Widow Mine  
  26  2:58  Orbital Command  
  28  2:59  Starport  
  28  3:02  SCV  
  29  3:15  SCV  
  29  3:17  Marine x2  
  32  3:20  Factory Tech Lab  
  32  3:29  SCV  
  32  3:34  Marine, Supply Depot  
  33  3:35  Marine  
  33  3:39  Cyclone  
  38  3:41  Starport Tech Lab  
  38  3:43  SCV  
  38  3:52  Marine x2  
  38  3:53  Fusion Core  
  40  3:57  SCV  
  40  3:59  Orbital Command  
  41  4:09  SCV  
  42  4:10  Marine x2  
  43  4:21  SCV  
  43  4:23  Refinery  
  43  4:28  Marine, SCV  
  43  4:31  Marine  
  46  4:33  SCV  
  47  4:40  SCV  
  49  4:45  SCV  
  49  4:46  Marine  
  49  4:48  Marine  
  49  4:50  Barracks  
  49  4:52  SCV  
  52  4:59  SCV  
  53  5:04  Marine  
  54  5:08  Marine, SCV, Supply Depot, Battlecruiser  
  54  5:10  Supply Depot  
  62  5:22  Bunker  
  62  5:29  Marine x2, Siege Tank, SCV x2  
  62  5:30  Supply Depot  
  69  5:43  Barracks Tech Lab  
  69  5:45  Barracks  
  69  5:47  Marine, SCV  
  71  5:53  Marine, SCV  
  71  5:56  Weapon Refit  
  73  5:58  Supply Depot  
  73  5:59  SCV  
  73  6:04  Siege Tank  
  77  6:05  SCV  
  78  6:12  SCV  
  79  6:21  Supply Depot  
  79  6:26  SCV  
  79  6:29  SCV  
  80  6:36  Siege Tank  
  73  6:44  SCV  
  69  6:47  Marine x2  
  69  6:49  SCV  
  69  6:54  Marine  
  65  6:55  Barracks Tech Lab  
  65  6:56  Stimpack  
  65  6:57  SCV  
  64  7:02  SCV  
  64  7:05  Marine x2  
  64  7:08  Siege Tank  
  70  7:09  SCV  
  70  7:12  Marine  
  70  7:13  Marine  
  70  7:14  SCV  
  64  7:17  Barracks  
  70  7:23  Marine x2  
  70  7:25  Barracks  
  72  7:30  Engineering Bay  
  72  7:31  Refinery  
  72  7:34  Starport  
  72  7:38  SCV x2  
  72  7:40  Starport  
  68  7:45  Marine x4  
  68  7:46  Starport  
  72  7:54  SCV  
  72  7:55  Command Center  
  72  7:56  Terran Infantry Weapons Level 1  
  73  8:01  SCV  
  73  8:03  Marine x2  
  73  8:04  Marauder x2  
  80  8:07  Combat Shield  
  80  8:11  SCV  
  80  8:12  Barracks Reactor, Factory Reactor  
  81  8:13  Supply Depot  
  81  8:18  SCV  
  82  8:21  Marine x2  
  82  8:23  Starport Tech Lab, SCV  
  82  8:25  Marine x2  
  85  8:29  Marauder  
  85  8:32  SCV  
  88  8:38  Marine  
  88  8:39  Marine  
  90  8:43  Marauder x2  
  90  8:46  Supply Depot  
  94  8:51  Marauder  
  94  8:54  Battlecruiser  
  102  8:56  Marine  
  102  8:58  SCV  
  101  9:03  Marine x3  
  101  9:04  Medivac, Marine  
  101  9:05  Marauder  
  107  9:12  Barracks Tech Lab  
  107  9:16  Concussive Shells  
  106  9:18  Supply Depot x2  
  106  9:23  Orbital Command  
  102  9:24  Marine  
  102  9:25  Marauder  
  102  9:26  Medivac  
  102  9:30  Marauder  
  102  9:31  Marine  
  107  9:34  Marauder  
  110  9:41  Medivac  
  110  9:43  Marine  
  113  9:46  Marauder  
  113  9:50  Marine  
  113  9:51  Marauder  
  118  9:53  Marine  
  118  9:55  Marauder  
  118  9:56  Medivac  
  118  9:57  Marine  
  116  10:01  Marine  
  116  10:06  Factory Tech Lab  
  117  10:07  Marauder  
  117  10:08  Marine  
  117  10:11  Marine  
  117  10:13  Marauder  
  121  10:15  Marine  
  121  10:16  Medivac  
  121  10:17  Marauder  
  121  10:18  Marine  
  125  10:23  Orbital Command  
  125  10:26  Marine  
  126  10:29  Marauder, Marine  
  126  10:33  Marine  
  126  10:34  Marauder  
  125  10:36  Marine  
  125  10:38  Marauder  
  128  10:43  Medivac  
  128  10:44  Marine  
  128  10:47  Marine  
  132  10:51  Marine  
  132  10:56  Marine  
  133  10:58  Marauder  
  133  11:01  Marauder x2  
  133  11:02  Marine  
  124  11:04  Marine  
  124  11:08  Marine  
  108  11:13  Marine  
  98  11:19  Marine  
Show
View Real Time Build Order
Export as new Build Order

Neeb Protoss - Winner!

Build Orders: 1 Gate Expand, Oracle Opening, Phoenix Opening 

Get SALT Encoding   

  12  0:00  Probe  
  13  0:12  Probe  
  14  0:18  Pylon  
  14  0:23  Probe  
  15  0:32  Probe  
  15  0:38  Gateway  
  15  0:40  Probe  
  16  0:48  Assimilator  
  17  0:51  Probe  
  18  1:03  Probe  
  19  1:15  Probe  
  20  1:26  Nexus  
  20  1:36  Cybernetics Core  
  20  1:39  Probe  
  21  1:46  Assimilator  
  21  1:51  Probe  
  22  1:55  Pylon  
  22  2:03  Adept, Probe  
  23  2:15  Probe  
  26  2:23  Adept  
  26  2:26  Stargate  
  26  2:27  Probe  
  29  2:39  Probe  
  29  2:40  Probe  
  29  2:42  Shield Battery  
  31  2:44  Warp Gate  
  31  2:51  Probe  
  31  2:52  Probe  
  31  2:56  Adept  
  35  3:03  Probe  
  36  3:05  Oracle  
  36  3:06  Probe  
  36  3:19  Probe  
  39  3:20  Probe  
  40  3:28  Adept  
  40  3:31  Probe  
  40  3:32  Probe  
  44  3:40  Phoenix  
  42  3:43  Probe  
  42  3:47  Pylon  
  43  3:49  Probe  
  46  4:00  Gateway  
  46  4:02  Gateway  
  46  4:05  Probe x2  
  48  4:17  Probe x2, Phoenix  
  50  4:27  Pylon  
  50  4:29  Probe x2  
  52  4:41  Probe x2  
  52  4:43  Phoenix  
  54  4:48  Nexus  
  54  4:51  Pylon  
  56  4:53  Probe x2  
  56  4:56  Stalker  
  60  5:00  Stalker  
  62  5:08  Pylon x2  
  62  5:09  Pylon, Probe  
  63  5:15  Stalker  
  63  5:16  Assimilator  
  63  5:17  Probe  
  63  5:20  Assimilator  
  65  5:24  Shield Battery  
  65  5:28  Stalker x2  
  69  5:29  Probe  
  69  5:34  Probe  
  69  5:35  Pylon  
  71  5:41  Probe  
  72  5:46  Probe  
  72  5:47  Stalker  
  75  5:51  Twilight Council  
  75  5:53  Probe, Forge  
  76  5:57  Stalker  
  76  6:00  Stalker  
  76  6:01  Probe  
  76  6:02  Probe  
  82  6:06  Probe  
  83  6:15  Probe  
  83  6:17  Stalker  
  84  6:20  Shield Battery  
  84  6:22  Shield Battery  
  84  6:23  Stalker  
  86  6:26  Stalker  
  86  6:29  Probe  
  86  6:30  Probe  
  90  6:36  Probe  
  89  6:41  Probe  
  89  6:42  Stalker, Blink  
  89  6:44  Protoss Ground Weapons Level 1  
  88  6:50  Probe  
  88  6:54  Probe  
  84  6:55  Stalker x2  
  84  6:56  Probe  
  87  7:05  Probe  
  87  7:06  Probe  
  85  7:09  Gateway  
  85  7:12  Gateway  
  85  7:13  Probe  
  85  7:14  Assimilator  
  86  7:17  Pylon, Assimilator  
  86  7:26  Gateway  
  86  7:27  Gateway x2  
  86  7:29  Sentry x3, Gateway  
  92  7:33  Pylon  
  92  7:37  Pylon  
  92  7:44  Pylon  
  92  7:46  Pylon  
  92  7:49  Pylon  
  92  7:54  Stalker x3  
  92  7:56  Probe  
  99  7:59  Robotics Facility  
  99  8:12  Nexus  
  99  8:13  Pylon  
  99  8:16  Stalker x2  
  103  8:21  Protoss Ground Armor Level 1  
  103  8:22  Stalker x6  
  115  8:28  Probe, Charge  
  115  8:32  Probe x2  
  118  8:40  Photon Cannon, Probe  
  119  8:44  Probe  
  119  8:47  Probe  
  121  8:53  Probe  
  122  8:56  Probe  
  122  8:59  Probe  
  120  9:05  Probe, Observer  
  120  9:08  Probe, Robotics Bay  
  123  9:11  Probe, Robotics Facility  
  123  9:15  Assimilator  
  125  9:17  Probe  
  125  9:19  Assimilator  
  125  9:20  Forge  
  117  9:28  Immortal  
  117  9:30  Zealot x7  
  117  9:31  Zealot x2  
  139  9:41  Extended Thermal Lance  
  139  9:48  Colossus  
  139  9:52  Nexus  
  139  9:53  Pylon  
  139  9:57  Colossus  
  143  10:04  Pylon  
  147  10:18  Zealot  
  147  10:19  Zealot x8  
  165  10:27  Pylon  
  165  10:32  Colossus  
  162  10:39  Zealot x9  
  186  10:46  Colossus  
  186  10:52  Templar Archives  
  176  11:06  Stalker x5  
  176  11:07  Stalker x2  
  174  11:17  Stalker x2  
Tags
 
Add a new tag
Caveats
  • Supply blocks, unpowered buildings, or Contaminate may cause inaccurate times.
  • Supply counts are checked every 10 seconds.